 Dungeon Crawl Stone Soup version 0.30-a0-777-ga9a30cbeda (webtiles) character file.

Game seed: 1007331338430526583

2 ryw the Trooper (level 1, -3/18 HPs)
             Began as a Demonspawn Monk on Feb 15, 2023.
             Slain by a kobold
             ... wielding a +3 short sword of electrocution
              (15 damage)
             ... on level 1 of the Dungeon.
             The game lasted 00:00:10 (135 turns).

ryw the Trooper (Demonspawn Monk)                    Turns: 135, Time: 00:00:10

Health: -3/18      AC:  2    Str: 11    XL:     1   Next: 25%
Magic:  1/1        EV: 13    Int: 11    God:
Gold:   0          SH:  0    Dex: 15    Spells: 0/0 levels left

rFire   . . .      SeeInvis .      - Unarmed
rCold   . . .      Faith    .    (no shield)
rNeg    . . .      Spirit   .    a - +0 robe
rPois   .          Reflect  .    (no helmet)
rElec   .          Harm     .    (no cloak)
rCorr   .          Rampage  .    (no gloves)
Will    .....                    (no boots)
Stlth   ++                       (no amulet)
HPRegen 0.23/turn                (no ring)
MPRegen 0.07/turn                (no ring)

@: no status effects
A: no striking features
a: no special abilities


You were on level 1 of the Dungeon.
You visited 1 branch of the dungeon, and saw 1 of its levels.

Inventory:

Armour
 a - a +0 robe (worn)
Potions
 b - a potion of ambrosia


   Skills:
 + Level 3.0 Fighting
 + Level 2.7 Dodging
 - Level 1.7 Stealth
 - Level 2.6 Unarmed Combat


You couldn't memorise any spells.
You didn't know any spells.
Your spell library contained the following spells:

 Spells                   Type           Power      Damage    Failure   Level
 Ignite Poison            Fire/Tmut/Pois 0%         N/A       71%         3
 Sticky Flame             Conj/Fire      0%         2d3       98%         4
 Ignition                 Fire           0%         3d3       100%        8


Dungeon Overview and Level Annotations

Branches:
Dungeon (1/15)

Altars:


Message History

Press ? for a list of commands and other information.
Found a staircase leading out of the dungeon.
You open the door.
There is an open door here.
You open the door.
There is an open door here.
You open the door. You open the door.
A giant cockroach comes into view.
The giant cockroach completely misses you.
The giant cockroach closely misses you.
You barely miss the giant cockroach. The giant cockroach misses you.
You hit the giant cockroach.
The giant cockroach is severely wounded.
The giant cockroach barely misses you.
You hit the giant cockroach.
You kill the giant cockroach!
No target in view!
Found 4 stones and a club.
You see here a +0 club.
You see here 4 stones.
You pick up an Everburning Encyclopedia and begin reading...
You add the spells Ignite Poison, Sticky Flame and Ignition to your library.
A kobold and a rat come into view.
The kobold is wielding a +3 short sword of electrocution.
The kobold shouts!
Okay, then.
There are monsters nearby!
The kobold hits you with a +3 short sword of electrocution.
You hit the rat.
You kill the rat!
The kobold closely misses you.
You closely miss the kobold. Your punch misses the kobold.
The kobold closely misses you.
You hit the kobold. Your punch misses the kobold.
The kobold is moderately wounded.
The kobold hits you with a +3 short sword of electrocution.
You are electrocuted!
Ouch! That really hurt!
You die...

#.## #.# #.# #.# #.# ..
#.# #.# #.# .. # ..# #.#
#.# .. .# #.# #.# #.#
.#..# #.## #.# #.# .#..
. ...###.# #?# ..##...
###)##.######.###.......
# ##............@K......
#...#####.#######.##. #
##.### #.# ###.## #.#
...## #.# #### #.# #.#
... ...


You could see a kobold.

Vanquished Creatures
  A giant cockroach (D:1)
  A rat (D:1)
2 creatures vanquished.

Notes
Turn   | Place    | Note
-------+----------+-------------------------------------------
     0 | D:1      | ryw the Demonspawn Monk began the quest for the Orb.
     0 | D:1      | Reached XP level 1. HP: 18/18 MP: 1/1
   135 | D:1      | Slain by a kobold

Illustrated notes

Levels and vault maps discovered:
D:1:      dpeg_arrival_short_road, layout_loops_ring, serial_shops,
          shop_fountains, nicolae_lakefront_shop,
          nicolae_shop_competitors_out_of_business, minmay_curled_crystal

Action                     || total
---------------------------++-------
  Melee: Unarmed           ||     6
  Dodge: Dodged            ||     6

Table legend: (Time is in decaauts)
 A = Elapsed time spent in this place.
 B = Non-inter-level travel time spent in this place.
 C = Inter-level travel time spent in this place.
 D = Time resting spent in this place.
 E = Time spent auto-exploring this place.
 F = Levels seen in this place.
 G = Mean time per level.
                   A        B        C        D        E       F      G
               +--------+--------+--------+--------+--------+-----+--------+
         Total |    134 |    134 |      0 |      0 |    120 |   1 |  134.0 |
       Dungeon |    134 |    134 |      0 |      0 |    120 |   1 |  134.0 |
               +--------+--------+--------+--------+--------+-----+--------+

Top non-repeatable levels by time:
     D:1: 134 daAuts
